 Dungeon Crawl Stone Soup version 0.19-a0-1511-g16f215b (webtiles) character file.

5 jacquesderrida the Slasher (level 1, -5/9 HPs)
             Began as a Vine Stalker Wanderer on Sept 11, 2016.
             Slain by a gnoll
             ... wielding a cursed +0 spear
              (10 damage)
             ... on level 1 of the Dungeon.
             The game lasted 00:00:39 (97 turns).

jacquesderrida the Slasher (Vine Stalker Wanderer)    Turns: 97, Time: 00:00:40

Health: -5/9       AC:  2    Str: 12    XL:     1   Next: 80%
Magic:  0/3        EV: 12    Int: 11    God:
Gold:   15         SH:  0    Dex: 16    Spells: 0 memorised, 2 levels left

rFire  . . .     SeeInvis .     b - +0 falchion
rCold  . . .     Gourm    .     d - +0 robe
rNeg   + . .     Faith    .     (no shield)
rPois  .         Spirit   +     (no helmet)
rElec  .         Dismiss  .     (no cloak)
rCorr  .         Reflect  .     (no gloves)
MR     .....     Harm     .     (no boots)
Stlth  +.........               e - amulet of inaccuracy (curse)
                                (no ring)
                                i - ring of positive energy

@: no status effects
A: fangs 2, magic shield, antimagic bite, no device heal 3, rot immunity
a: no special abilities


You were on level 1 of the Dungeon.
You were not hungry.

You visited 1 branch of the dungeon, and saw 1 of its levels.

You collected 15 gold pieces.

Inventory:

Hand Weapons
 b - a +0 falchion (weapon)
Armour
 d - a +0 robe (worn)
Jewellery
 e - a cursed amulet of inaccuracy (around neck)
 i - a ring of positive energy (left hand)
Scrolls
 c - a scroll of teleportation
Potions
 g - a potion of ambrosia {unknown}
 h - a potion of agility {unknown}
Books
 a - a book of Flames

   Spells                             Type                      Level
   a - Flame Tongue                   Conjuration/Fire             1
   b - Throw Flame                    Conjuration/Fire             2
   c - Conjure Flame                  Conjuration/Fire             3
   d - Inner Flame                    Hexes/Fire                   3
   e - Sticky Flame                   Conjuration/Fire             4
   f - Fireball                       Conjuration/Fire             5
Comestibles
 f - a bread ration


   Skills:
 + Level 2.2 Long Blades
 - Level 1.0 Dodging
 - Level 1.1 Spellcasting
   Level 2.0 Fire Magic
   Level 2.0 Poison Magic
   Level 1.7 Evocations


You had 2 spell levels left.
You didn't know any spells.

Dungeon Overview and Level Annotations

Branches:
Dungeon (1/15)

Altars:


Innate Abilities, Weirdness & Mutations

You have extremely sharp teeth.
When hurt, damage is shared between your health and your magic reserves.
Your bite disrupts and absorbs the magic of your enemies.
Potions and wands cannot restore your health.
You are immune to rotting.


Message History

The gnoll is lightly wounded.
The gnoll closely misses you.
You closely miss the gnoll. You bite the gnoll. You drain its power.
The gnoll is lightly wounded.
The gnoll hits you but does no damage.
You miss the gnoll. You bite the gnoll, but do no damage.
The gnoll is lightly wounded.
The gnoll closely misses you.
You riposte.
You hit the gnoll but do no damage.
The gnoll is lightly wounded.
You barely miss the gnoll. Your bite misses the gnoll.
The gnoll is lightly wounded.
The gnoll hits you with a spear.
You hit the gnoll.
The gnoll is moderately wounded.
The gnoll closely misses you.
You riposte.
You hit the gnoll. You bite the gnoll, but do no damage.
The gnoll is moderately wounded.
The gnoll hits you with a spear!
Ouch! That really hurt!
You die...

..#...............
................)
.................
.............####
.............#
#...........(#
.............########
#.............#..g..#
###.............@?..#
.............#.....#
###.####.##....######
#>. #..#..#.# ..
##.#..#.. ........
##..####. #..


You could see a gnoll.

Vanquished Creatures
  A goblin (D:1)
  A ball python (D:1)
  2 bats (D:1)
  2 giant newts (D:1)
6 creatures vanquished.

Notes
Turn   | Place    | Note
-------+----------+-------------------------------------------
     0 | D:1      | jacquesderrida the Vine Stalker Wanderer began the quest for the Orb.
     0 | D:1      | jacquesderrida set off with: a book of Flames, a +0 falchion, a scroll of teleportation, a +0 robe, a bread ration
     0 | D:1      | Reached XP level 1. HP: 9/9 MP: 3/3
    97 | D:1      | Slain by a gnoll

Vault maps used:
D:1:      kennysheep_arrival_forest, hangedman_decor_slide_cut

Skill      XL: |  1 |
---------------+----+-----
Long Blades    | 2 |  2.2
Dodging        | |  1.0
Spellcasting   | |  1.1
Fire Magic     | |  2.0
Poison Magic   | |  2.0
Evocations     | |  1.7

Action                   || total
-------------------------++-------
Melee: Falchion          ||    20
       Bite              ||     5
Armor: Robe              ||     3
Dodge: Dodged            ||    14
